 Dungeon Crawl Stone Soup version 0.21-a0-578-gc6e9d75 (webtiles) character file.

78 KeeTraxx the Vexing (level 4, 0/26 HPs)
             Began as a Kobold Arcane Marksman on Dec 18, 2017.
             Slain by a worm (6 damage)
             ... on level 2 of the Dungeon.
             The game lasted 00:04:24 (2026 turns).

KeeTraxx the Vexing (Kobold Arcane Marksman)        Turns: 2026, Time: 00:04:25

Health: 0/26       AC:  2    Str:  7    XL:     4   Next: 61%
Magic:  5/5        EV: 15    Int: 15    God:
Gold:   79         SH:  0    Dex: 15    Spells: 1/5 levels left

rFire    . . .     SeeInvis .   b - +2 hand axe (venom)
rCold    . . .     Gourm    .   (shield restricted)
rNeg     . . .     Faith    .   e - +0 robe
rPois    .         Spirit   .   (no helmet)
rElec    .         Reflect  .   (no cloak)
rCorr    .         Harm     .   (no gloves)
MR       .....                  (no boots)
Stlth    +.........             (no amulet)
HPRegen  0.08/turn              (no ring)
MPRegen  0.09/turn              (no ring)

@: no status effects
A: small, carnivore
a: no special abilities


You were on level 2 of the Dungeon.
You were not hungry.

You visited 1 branch of the dungeon, and saw 2 of its levels.

You collected 79 gold pieces.

Inventory:

Hand Weapons
 a - a +0 hand crossbow
 b - a +2 hand axe of venom (weapon)
Missiles
 d - 9 bolts
Armour
 e - a +0 robe (worn)
Jewellery
 m - an uncursed ring of see invisible {unknown}
Scrolls
 i - 2 scrolls of identify {unknown}
 j - 2 scrolls of teleportation {unknown}
 l - a scroll of random uselessness {unknown}
 n - a scroll of remove curse {unknown}
 o - a scroll of amnesia {unknown}
Potions
 g - 2 potions of curing {unknown}
 h - a potion of agility {unknown}
 k - a potion of berserk rage {unknown}
 p - a potion of heal wounds {unknown}
Books
 c - a book of Debilitation

   Spells                             Type                      Level
   a - Corona                         Hexes                        1
   b - Slow                           Hexes                        2
   c - Inner Flame                    Hexes/Fire                   3
   d - Portal Projectile              Hexes/Translocation          3
   e - Cause Fear                     Hexes                        4
   f - Leda's Liquefaction            Hexes/Earth                  4
Comestibles
 f - 3 rations


   Skills:
 + Level 1.8 Fighting
 + Level 3.1 Crossbows
 - Level 2.5 Dodging
 - Level 0.2 Stealth
 + Level 1.1 Spellcasting
 + Level 4.1 Hexes
 * Level 1.1 Translocations


You had one spell level left.
You knew the following spells:

 Your Spells              Type           Power        Failure   Level  Hunger
a - Corona                Hex            ##.....      4%          1    ##.....
b - Portal Projectile     Hex/Tloc       #.....       24%         3    ####...


Dungeon Overview and Level Annotations

Branches:
Dungeon (2/15)

Altars:


Innate Abilities, Weirdness & Mutations

You are small and have problems with some larger weapons.
You are carnivorous and can eat meat at any time.


Message History

Aim: a worm (moderately wounded)
You shoot a bolt.
The bolt hits the worm but does no damage.
The worm is moderately wounded.
Your +2 hand axe of venom begins to drip with poison!
b - a +2 hand axe of venom (weapon)
You hit the worm.
The worm is poisoned.
The worm is moderately wounded.
The worm completely misses you.
You barely miss the worm.
The worm is moderately wounded.
The worm closely misses you.
You barely miss the worm.
The worm is moderately wounded.
The worm bites you!
* * * LOW HITPOINT WARNING * * *
You hit the worm.
The worm looks even sicker.
The worm is moderately wounded.
The worm bites you.
You die...

......#####.....# #.##.#.#.#....
......# #####.# #.##.#.#.#....
......# #.# #.##.# #....#.
#†##### #.# #.#.####.## #.###
######.# #........
#...######......##############.##
...(((.....(((..#................
.#.#####.#.....w#.############..#
.#.# #.##.....@...............#
.#.# #.########...........###.#
.#.# #....# #.......... #.# .#..
#.##.# #.......... #.# .###
#..#.# #.......... #.# .. #.##.#
#.......... #.# .###
#.##.#####......>... #.# .#..
#.##.#(............. #.# .#.#
#.##.#.###.......... #.#


You could see a worm.

Vanquished Creatures
  An adder (D:2)
  2 oozes
  2 dart slugs
  2 leopard geckos
  2 ball pythons (D:1)
  2 giant cockroaches (D:1)
  6 goblins
  6 hobgoblins
  6 kobolds
  5 bats
  3 frilled lizards
  20 rats
57 creatures vanquished.

Notes
Turn   | Place    | Note
-------+----------+-------------------------------------------
     0 | D:1      | KeeTraxx the Kobold Arcane Marksman began the quest for the Orb.
     0 | D:1      | Reached XP level 1. HP: 12/12 MP: 2/2
    99 | D:1      | Reached XP level 2. HP: 12/16 MP: 3/3
   493 | D:1      | Reached XP level 3. HP: 20/20 MP: 4/4
   504 | D:1      | Learned a level 3 spell: Portal Projectile
   844 | D:1      | Reached skill level 4 in Hexes
  1275 | D:2      | Reached XP level 4. HP: 25/25 MP: 5/5
  1591 | D:2      | Reached skill level 1 in Translocations
  2026 | D:2      | Slain by a worm

Vault maps used:
D:1:      erik_arrival_orb_chamber, kennysheep_minor_cross, minmay_pentomino_w2
D:2:      hangedman_decor_peaks_small, roderic_lattice_a,
          nemelex_lonely_heart_becter

Skill      XL: |  1  2  3  4 |
---------------+-------------+-----
Hexes          | 4 |  4.1
Crossbows      | 3 |  3.1
Translocations | 1 |  1.1
Fighting       | |  1.8
Dodging        | |  2.5
Stealth        | |  0.2
Spellcasting   | |  1.1

Action                   |  1- 3 |  4- 6 || total
-------------------------+-------+-------++-------
Melee: Hand axe          |    63 |    44 ||   107
 Fire: Hand crossbow     |    21 |    11 ||    32
 Stab: Sleeping          |     1 |     1 ||     2
  Eat: Chunk             |    23 |     3 ||    26
Armor: Robe              |    11 |     4 ||    15
Dodge: Dodged            |    41 |    28 ||    69

Table legend:
 A = Spawn XP
 B = Non-spawn XP
 C = Spawn XP percentage of total XP
 D = Spawn monster count
 E = Non-spawn monster count
 F = Spawn count percentage of total count
 G = Total turns spent on level
                    A         B        C        D         E        F      G
               +---------+---------+-------+---------+---------+-------+---------
         Total |       0 |     112 |   0.0 |       0 |      57 |   0.0 |  2026
               +---------+---------+-------+---------+---------+-------+---------
           D:1 |       0 |      65 |   0.0 |       0 |      40 |   0.0 |  1246
           D:2 |       0 |      47 |   0.0 |       0 |      17 |   0.0 |   780
               +---------+---------+-------+---------+---------+-------+---------
